 Dungeon Crawl Stone Soup version 0.26-a0-154-g3d63440f56 (webtiles) character file.

Game seed: 13235957096332361630

10608 Flugslaktarn the Tainter (level 11, -5/56 HPs)
             Began as a Vine Stalker Venom Mage on July 1, 2020.
             Was an Elder of Makhleb.
             Slain by a sixfirhy (9 damage)
             ... summoned by an orc high priest
             ... on level 2 of the Orcish Mines.
             The game lasted 00:23:53 (3707 turns).

Flugslaktarn the Tainter (Vine Stalker Venom Mage)  Turns: 3707, Time: 00:23:54

Health: -5/56      AC: 11    Str: 10    XL:     11   Next: 64%
Magic:  0/23       EV: 16    Int: 18    God:    Makhleb [****..]
Gold:   892        SH:  5    Dex: 16    Spells: 12/25 levels left

rFire    . . .     SeeInvis +   N - +4 dagger (distort)
rCold    . . .     Faith    .   i - +0 buckler
rNeg     . . .     Spirit   +   O - +3 leather armour
rPois    .         Reflect  .   K - +1 hat {SInv}
rElec    .         Harm     .   (no cloak)
rCorr    .                      (no gloves)
MR       +....                  (no boots)
Stlth    ++........             (no amulet)
HPRegen  0.58/turn              y - ring of wizardry
MPRegen  0.18/turn              I - +4 ring of protection

@: studying Polearms
A: fangs 3, regeneration 1, magic shield, antimagic bite, no potion heal 3, rot
immunity
a: Minor Destruction, Lesser Servant of Makhleb, Major Destruction, Renounce
Religion


You were on level 2 of the Orcish Mines.
You worshipped Makhleb.
Makhleb was greatly pleased with you.
You were not hungry.

You visited 3 branches of the dungeon, and saw 12 of its levels.

You collected 892 gold pieces.

Inventory:

Hand Weapons
 e - a +0 club
   (You took it off a hobgoblin on level 2 of the Dungeon)
 g - a +0 short sword
   (You took it off a kobold on level 1 of the Dungeon)
 p - a +0 morningstar
   (You took it off an orc on level 4 of the Dungeon)
 r - a +0 whip of pain
   (You found it on level 4 of the Dungeon)
 u - the +2 spear of Departure {protect, rF+}
   (You found it on level 5 of the Dungeon)

   It grants its wielder temporary protection when it strikes (+7 to AC).
   It protects you from fire.
 v - a +1 whip of electrocution
   (You took it off a gnoll shaman on level 5 of the Dungeon)
 H - a cursed -2 trident
   (You found it on level 9 of the Dungeon)
 N - a +4 dagger of distortion (weapon)
   (You took it off Psyche on level 9 of the Dungeon)
Missiles
 b - 2 throwing nets
 k - 108 arrows
 w - 27 boomerangs (quivered)
 L - 6 javelins
Armour
 h - a +0 ring mail
   (You found it on level 2 of the Dungeon)
 i - a +0 buckler (worn)
   (You found it on level 2 of the Dungeon)
 C - a +2 scale mail of magic resistance
   (You found it on level 6 of the Dungeon)
 K - a +1 hat of see invisible (worn)
   (You took it off Gastronok on level 8 of the Dungeon)
 O - a +3 leather armour (worn)
   (You took it off an orc priest on level 2 of the Orcish Mines)
Magical Staves
 x - an uncursed staff of wizardry
   (You found it on level 5 of the Dungeon)
Jewellery
 y - a ring of wizardry (left hand)
   (You found it on level 5 of the Dungeon)
 I - a +4 ring of protection (right hand)
   (You found it on level 9 of the Dungeon)
 M - an uncursed ring of see invisible
   (You took it off an orc wizard on level 9 of the Dungeon)
Wands
 n - a wand of paralysis (7)
   (You found it on level 4 of the Dungeon)
 o - a wand of iceblast (16)
   (You found it on level 4 of the Dungeon)
 F - a wand of clouds (2)
   (You found it on level 8 of the Dungeon)
Scrolls
 d - 2 scrolls of noise
 f - a scroll of enchant armour
 j - a scroll of enchant weapon {unknown}
 m - a scroll of blinking {unknown}
 t - a scroll of amnesia {unknown}
 z - a scroll of magic mapping
 A - a scroll of immolation {unknown}
 B - a scroll of remove curse
 D - 2 scrolls of teleportation
 J - a scroll of identify {unknown}
Potions
 q - a potion of might
 s - 2 potions of resistance
 E - a potion of cancellation {unknown}
 G - a potion of brilliance {unknown}
Books
 l - a manual of Polearms
   (You found it on level 4 of the Dungeon)
Comestibles
 c - 5 rations


   Skills:
 + Level 6.1 Fighting
 - Level 2.0 Polearms
 + Level 7.6 Dodging
 - Level 2.4 Stealth
 - Level 4.0 Shields
 + Level 7.5 Spellcasting
 - Level 1.0 Transmutations
 - Level 9.0 Poison Magic
 - Level 6.0 Invocations
 - Level 4.0 Evocations


You had 12 spell levels left.
You knew the following spells:

 Your Spells              Type           Power        Failure   Level  Hunger
a - Sting                 Tmut/Pois      ###.         1%          1    None
b - Poisonous Vapours     Pois/Air       ###...       1%          2    None
c - Mephitic Cloud        Conj/Pois/Air  ###.....     4%          3    #......
d - Olgreb's Toxic Radia  Pois           #####...     1%          4    ###....
e - Ignite Poison         Fire/Tmut/Pois ###.....     4%          3    #......

Your spell library contained the following spells:

 Spells                   Type           Power        Failure   Level  Hunger


Dungeon Overview and Level Annotations

Branches:
Dungeon (9/15)             Temple (1/1) D:5            Lair (0/6) D:9
    Orc (2/2) D:9             Elf (0/3) Orc:2

Altars:
Ashenzari
Dithmenos
Fedhas
Gozag
Hepliaklqana
Makhleb
Nemelex Xobeh
Okawaru
Qazlal
Ru
Sif Muna
Uskayaw
Wu Jian
Xom
Yredelemnul
Zin
The Shining One

Shops:
D:5 =

Annotations:
D:2 Sigmund


Innate Abilities, Weirdness & Mutations

You have razor-sharp teeth.
Your natural rate of healing is unusually fast.
When hurt, damage is shared between your health and your magic reserves.
Your bite disrupts and absorbs the magic of your enemies.
Potions cannot restore your health.
You are immune to rotting.


Message History

You feel better.
An orc high priest comes into view. It is wielding a +0 hand axe.
Unknown command.
Things that are here:
a +0 war axe; a +0 scale mail; a +0 hand axe Unknown command.
Evoke which item? (* to show all) (? for menu, Esc to quit)
Aiming: Paralyse
Press: ? - help, Shift-Dir - straight line, f - orc high priest
Aim: an orc high priest, wielding a +0 hand axe (chance to defeat MR: 24%)
Okay, then.
Unknown command.
Casting: Olgreb's Toxic Radiance (dangerous; 1% risk of failure)
Confirm with . or Enter, or press ? or * to list all spells.
Aiming: Mephitic Cloud (dangerous; 4% risk of failure)
Press: ? - help, Shift-Dir - straight line, f - orc high priest
Aim: an orc high priest, wielding a +0 hand axe The ball explodes into a vile cloud!
The stinking cloud engulfs the orc high priest but does no damage.
The orc high priest is engulfed in noxious fumes.
Unknown command.
You closely miss the orc high priest. You bite the orc high priest.
You drain its power.
You feel invigorated.
The orc high priest is lightly wounded.
You block the orc high priest's attack.
You hit the orc high priest.
Space bends around the orc high priest.
The orc high priest is lightly wounded.
The orc high priest prays to Beogh.
You hit the orc high priest.
Space bends around the orc high priest.
The orc high priest is moderately wounded.
You block the sixfirhy's attack. The sixfirhy hits you.
The sixfirhy shocks you!
* * * LOW HITPOINT WARNING * * *
The sixfirhy hits you but does no damage.
The sixfirhy barely misses you. x2
The sixfirhy hits you but does no damage.
The orc high priest utters an invocation to Beogh.
The sixfirhy hits you!
* * * LOW HITPOINT WARNING * * *
The sixfirhy shocks you!
* * * LOW HITPOINT WARNING * * *
Unknown command.
Okay, then.
Evoke which item? (* to show all) (? for menu, Esc to quit)
Aiming: Cloud Cone
Press: ? - help, Dir - move target cursor, f/p - orc high priest
Aim: an orc high priest, wielding a +0 hand axe (moderately wounded)
You create a blast of poison gas!
The sixfirhy misses you. The sixfirhy hits you!
You die...

#### #........##.. #...
#........#.. #.)o #.........#
#.o) #...>.....## ..)
#).........####
#.###)###.......#.#.#.##
#....[)..).............# .#
#..##'###).............# .. #o.
#@3)..........## .# #o.
#o3............# .# . #..
#4§...........##
.#######..######§§...........#
...............§§§§......##..#
..........................#...#
...#.....####..........#.###.##
..#.......##...)......#### ##
...........#...........#


You could see an orc high priest, an ice devil (summoned) and 2 sixfirhies.

Vanquished Creatures
  Gastronok (D:8)
  Harold (D:8)
  An orc high priest (Orc:2)
  An orc knight (Orc:1)
  Pikel (D:8)
  A cyclops (Orc:2)
  Psyche (D:9)
  Joseph (D:8)
  A wyvern (D:8)
  A steam dragon (D:8)
  4 wargs
  A sky beast (D:7)
  5 orc warriors
  A phantom (D:5)
  4 slaves (D:8)
  6 ogres
  2 centaurs
  A big kobold (D:8)
  4 bullfrogs
  A gnoll sergeant (D:8)
  A water moccasin zombie (D:8)
  5 scorpions
  A water moccasin skeleton (D:7)
  6 killer bees (D:8)
  A wight (D:8)
  2 howler monkeys
  2 crimson imps
  3 hounds
  3 quasits
  18 orc priests
  10 orc wizards
  A bullfrog skeleton (D:5)
  Jessica (D:2)
  A gnoll shaman (D:5)
  2 iguanas (D:8)
  5 worker ants
  A killer bee zombie (D:6)
  The ghost of Flugslaktarn the Magician, a weakling OpWz (D:4)
  A hound skeleton (D:5)
  2 worker ant zombies (D:5)
  8 adders
  12 gnolls
  2 shadow imps
  An adder skeleton (D:8)
  A dart slug (D:2)
  5 leopard geckos
  56 orcs
  2 ball pythons
  4 bats
  5 giant cockroaches
  A goblin (D:2)
  4 hobgoblins
  5 jackals
  A quokka (D:2)
  2 frilled lizards
  4 giant cockroach zombies
  A jackal skeleton (D:4)
  7 kobolds
  2 leopard gecko skeletons (D:4)
  A quokka zombie (D:5)
  8 rats
238 creatures vanquished.

Vanquished Creatures (others)
  An orc high priest (Orc:2)
  A troll (Orc:1)
  A warg (Orc:2)
  An ogre (Orc:1)
4 creatures vanquished.

Grand Total: 242 creatures vanquished

Notes
Turn   | Place    | Note
-------+----------+-------------------------------------------
     0 | D:1      | Flugslaktarn the Vine Stalker Venom Mage began the quest
                  | for the Orb.
     0 | D:1      | Reached XP level 1. HP: 9/9 MP: 4/4
   106 | D:1      | Reached XP level 2. HP: 8/13 MP: 0/6
   111 | D:1      | Learned a level 2 spell: Poisonous Vapours
   297 | D:2      | Noticed Sigmund
   308 | D:2      | Reached XP level 3. HP: 5/16 MP: 2/8
   408 | D:2      | Noticed Jessica
   437 | D:2      | Killed Jessica
   437 | D:2      | Reached skill level 4 in Poison Magic
   437 | D:2      | Gained mutation: Your natural rate of healing is unusually
                  | fast. [Vine Stalker growth]
   437 | D:2      | Reached XP level 4. HP: 7/21 MP: 1/9
   550 | D:3      | Learned a level 4 spell: Olgreb's Toxic Radiance
   663 | D:4      | Noticed an ogre
   678 | D:4      | Killed an ogre
   678 | D:4      | Reached skill level 5 in Poison Magic
   678 | D:4      | Reached XP level 5. HP: 11/24 MP: 2/10
   695 | D:4      | Reached skill level 6 in Poison Magic
   695 | D:4      | Reached XP level 6. HP: 14/28 MP: 1/11
   833 | D:4      | Noticed Flugslaktarn's ghost (weakling OpWz)
   835 | D:4      | Found a runed translucent door.
   921 | D:4      | Killed Flugslaktarn's ghost
  1064 | D:5      | Entered Level 5 of the Dungeon
  1178 | D:5      | Found Deyfis's Jewellery Emporium.
  1206 | D:5      | Reached skill level 7 in Poison Magic
  1229 | D:5      | Got an ancient spear
  1240 | D:5      | Identified the cursed +2 spear of Departure {protect, rF+}
                  | (You found it on level 5 of the Dungeon)
  1260 | D:5      | Reached XP level 7. HP: 24/32 MP: 1/12
  1281 | D:5      | Learned a level 3 spell: Mephitic Cloud
  1456 | D:5      | Reached skill level 8 in Poison Magic
  1539 | D:5      | Found a staircase to the Ecumenical Temple.
  1583 | Temple   | Entered the Ecumenical Temple
  1657 | Temple   | Became a worshipper of Makhleb the Destroyer
  1784 | D:5      | Learned a level 3 spell: Ignite Poison
  1795 | D:5      | Reached skill level 1 in Polearms
  1795 | D:5      | Gained mutation: You have razor-sharp teeth. [Vine Stalker
                  | growth]
  1795 | D:5      | Reached XP level 8. HP: 26/37 MP: 10/15
  1850 | D:6      | Reached skill level 1 in Fighting
  1850 | D:6      | Reached skill level 1 in Shields
  2137 | D:8      | Reached * piety under Makhleb
  2195 | D:7      | Reached XP level 9. HP: 41/44 MP: 14/16
  2297 | D:8      | Noticed Pikel
  2327 | D:8      | Killed Pikel
  2377 | D:8      | Noticed Gastronok
  2379 | D:8      | Reached skill level 1 in Invocations
  2461 | D:8      | Reached ** piety under Makhleb
  2472 | D:8      | Reached skill level 1 in Evocations
  2499 | D:8      | HP: 1/67 [Gastronok/the air (12)]
  2504 | D:8      | Killed Gastronok
  2504 | D:8      | Reached skill level 5 in Spellcasting
  2504 | D:8      | Reached skill level 9 in Poison Magic
  2504 | D:8      | Reached XP level 10. HP: 3/49 MP: 16/18
  2508 | D:8      | Reached skill level 5 in Invocations
  2529 | D:8      | Noticed Joseph
  2601 | D:8      | Noticed Harold
  2638 | D:8      | Killed Harold
  2645 | D:8      | Killed Joseph
  2746 | D:8      | Reached skill level 5 in Fighting
  2984 | D:9      | Noticed Psyche
  2991 | D:9      | Killed Psyche
  2991 | D:9      | Reached XP level 11. HP: 56/56 MP: 0/19
  3015 | D:9      | Found a staircase to the Orcish Mines.
  3028 | Orc:1    | Entered Level 1 of the Orcish Mines
  3069 | Orc:1    | Noticed an orc knight
  3116 | Orc:1    | Killed an orc knight
  3259 | Orc:2    | Entered Level 2 of the Orcish Mines
  3259 | Orc:2    | Noticed a cyclops
  3270 | Orc:2    | Killed a cyclops
  3321 | Orc:2    | Reached *** piety under Makhleb
  3345 | Orc:2    | Noticed an orc high priest
  3358 | Orc:2    | Banished an orc high priest
  3438 | Orc:2    | Noticed an orc high priest
  3449 | Orc:2    | Killed an orc high priest
  3648 | Orc:2    | Found a staircase to the Elven Halls.
  3673 | Orc:2    | Reached **** piety under Makhleb
  3700 | Orc:2    | Noticed an orc high priest
  3706 | Orc:2    | Noticed a sixfirhy
  3706 | Orc:2    | Noticed a sixfirhy
  3707 | Orc:2    | Slain by a sixfirhy

Illustrated notes

Levels and vault maps discovered:
D:1:      dpeg_arrival_rooms_b, layout_loops_ring
D:2:      layout_loops_ring, uniq_jessica, uniq_sigmund
D:3:      layout_loops_ring, first_ration
D:4:      layout_layer_cave, lightli_temple_of_fire,
          hellmonk_ghost_happy_afterlife, serial_shops, shop, minmay_manual_mail
D:5:      minmay_octagon_keep, layout_basic, minmay_temple_entry_arrows,
          serial_shops, shop
D:6:      layout_rooms
D:7:      layout_gridville, kennysheep_vampire_church,
          gammafunk_temple_overflow_forgotten
D:8:      layout_rooms, uniq_pikel, uniq_joseph, uniq_harold, uniq_gastronok
D:9:      layout_stronghold, dpeg_lair_monsters, orc_0_dummy, kennysheep_donut,
          grunt_ogre_cave, uniq_psyche
Temple:   minmay_temple_bridge_d
Orc:1:    layout_caves
Orc:2:    st_orc_town, layout_caves, serial_shops, shop, uniq_azrael

Skill      XL: |  1  2  3  4  5  6  7  8  9 10 11 |
---------------+----------------------------------+-----
Spellcasting   | 3 4 5 7 |  7.5
Poison Magic   | 4 5 6 7 8 9 |  9.0
Polearms       | 1 2 |  2.0
Fighting       | 3 4 6 |  6.1
Dodging        | 3 6 7 |  7.6
Shields        | 3 4 |  4.0
Invocations    | 4 6 |  6.0
Evocations     | 3 4 |  4.0
Stealth        | |  2.4
Transmutations | |  1.0

Action                   |  1- 3 |  4- 6 |  7- 9 | 10-12 || total
-------------------------+-------+-------+-------+-------++-------
Melee: Unarmed           |     7 |       |       |       ||     7
       Bite              |     4 |    23 |    66 |    35 ||   128
       Club              |     2 |       |       |       ||     2
       Short sword       |     8 |    69 |       |       ||    77
       Morningstar       |       |    11 |       |       ||    11
       Spear             |       |     6 |   279 |    79 ||   364
       Dagger            |       |       |       |    81 ||    81
Throw: Boomerang         |       |       |       |     9 ||     9
 Cast: Sting             |    25 |    24 |     8 |     6 ||    63
       Poisonous Vapours |     1 |    10 |    37 |    29 ||    77
       Olgreb's Toxic Ra |       |       |    20 |    25 ||    45
       Ignite Poison     |       |       |     2 |     3 ||     5
       Mephitic Cloud    |       |       |       |     3 ||     3
Evoke: Wand              |       |       |     3 |     7 ||    10
  Use: Potion            |       |       |     1 |     1 ||     2
       Scroll            |       |       |       |     5 ||     5
 Stab: Sleeping          |     1 |       |     1 |       ||     2
       Paralysed         |       |       |     3 |       ||     3
  Eat: Chunk             |       |     2 |     1 |     1 ||     4
       Ration            |       |       |     3 |     2 ||     5
Armor: Robe              |     8 |    25 |    98 |    46 ||   177
       Scale mail        |       |       |       |    17 ||    17
       Leather armour    |       |       |       |     7 ||     7
Dodge: Dodged            |    19 |    83 |   255 |   155 ||   512
Block: Buckler           |     1 |     6 |    30 |    61 ||    98

Table legend:
 A = Non-vault XP
 B = Vault XP
 C = Vault XP percentage of total XP
 D = Non-vault monster count
 E = Vault monster count
 F = Vault count percentage of total count
                 A         B        C        D         E       F
            +---------+---------+-------+---------+---------+-------
      Total |    7357 |    7798 |  51.5 |     186 |      52 |  21.8
            +---------+---------+-------+---------+---------+-------
        D:1 |       8 |       0 |   0.0 |       5 |       0 |   0.0
        D:2 |      39 |      37 |  48.7 |      16 |       1 |   5.9
        D:3 |      33 |       0 |   0.0 |      12 |       0 |   0.0
        D:4 |     356 |      27 |   7.0 |      17 |       5 |  22.7
        D:5 |     660 |     146 |  18.1 |      26 |       6 |  18.8
        D:6 |     593 |       0 |   0.0 |      15 |       0 |   0.0
        D:7 |     249 |       0 |   0.0 |      10 |       0 |   0.0
        D:8 |    2222 |    4300 |  65.9 |      51 |       4 |   7.3
        D:9 |     308 |     463 |  60.1 |       9 |       1 |  10.0
      Orc:1 |    2186 |       0 |   0.0 |      20 |       0 |   0.0
      Orc:2 |     703 |    2825 |  80.1 |       5 |      35 |  87.5
            +---------+---------+-------+---------+---------+-------
